 Dungeon Crawl Stone Soup version 0.14-a0-882-gdff4d47 (webtiles) character file.

186 Inkie the Insei (level 4, -17/35 HPs)
             Began as a Lava Orc Transmuter on Nov 17, 2013.
             Killed by miscasting Ice Form (19 damage)
             ... on Level 3 of the Dungeon.
             The game lasted 00:11:38 (2587 turns).

Inkie the Ruffian (Lava Orc Transmuter)             Turns: 2587, Time: 00:11:42

HP -17/35        AC  4     Str 12      XL: 4   Next: 12%
MP   1/5         EV 17     Int 14      God:
Gold 110         SH  0     Dex 16      Spells:  2 memorised,  1 level left

Res.Fire  : + . .   See Invis. : .     - Unarmed
Res.Cold  : . . .   Warding    : .   c - +0 orc robe
Life Prot.: . . .   Conserve   : .   (no shield)
Res.Poison: .       Res.Corr.  : .   (no helmet)
Res.Elec. : .       Clarity    : .   (no cloak)
Sust.Abil.: . .     Spirit.Shd : .   (no gloves)
Res.Mut.  : .       Stasis     : .   (no boots)
Res.Rott. : .       Flight     : .   (no amulet)
Saprovore : + . .                    (no ring)
                                     (no ring)

@: agile, mildly poisoned, very slightly contaminated, slightly resistant to
hostile enchantments, stealthy
A: conserve scrolls, saprovore 1
a: no special abilities


You were on level 3 of the Dungeon.
You were near starving.

You visited 1 branch of the dungeon, and saw 3 of its levels.

You collected 110 gold pieces.

Inventory:

Missiles
 b - 12 arrows
 m - 23 darts (quivered)
 n - 19 silver darts
Armour
 c - a +0 orcish robe (worn)
Comestibles
 a - 2 meat rations
 g - 2 bread rations
 p - an apple
Scrolls
 e - 2 scrolls of teleportation {unknown}
 f - a scroll of magic mapping {unknown}
 h - a scroll of remove curse {unknown}
 i - a scroll of curse jewellery {unknown}
 j - 2 scrolls of identify {unknown}
 k - a scroll of enchant armour {unknown}
 l - a scroll of enchant weapon I {unknown}
 q - a scroll of curse weapon {unknown}
 r - 2 scrolls of random uselessness {unknown}
 s - a scroll of enchant weapon II {unknown}
Books
 d - a book of Changes

   Spells                             Type                      Level
   *Beastly Appendage                 Transmutation                1
   Sticks to Snakes                   Transmutation                2
   Spider Form                        Transmutation/Poison         3
   *Ice Form                          Ice/Transmutation            4
   Blade Hands                        Transmutation                5


   Skills:
 - Level 1.2 Fighting
 - Level 1.5 Dodging
 * Level 5.5 Unarmed Combat
 - Level 1.5 Spellcasting
 - Level 2.6 Transmutations


You had one spell level left.
You knew the following spells:

 Your Spells              Type           Power        Failure   Level  Hunger
a - Beastly Appendage     Trmt           #.....       10%         1    ##.....
b - Ice Form              Ice/Trmt       #.........   98%         4    #####..


Dungeon Overview and Level Annotations

Branches:
Dungeon (3/16)

Altars:
Ashenzari


Innate Abilities, Weirdness & Mutations

You have stony skin.
Your flesh is heat resistant.
Your flesh is vulnerable to cold.
Your heat harms attackers.
You bathe your surroundings in blazing heat.
You are too hot to use scrolls.
You are very good at protecting items from fire.
You can tolerate rotten meat.


Message History

You feel sick.
Read which item? (? for menu, Esc to quit)
Okay, then.
Drop what? (_ for help) (? for menu, Esc to quit)
Okay, then.
This spell is very dangerous to cast!
Memorise Ice Form, consuming 4 spell levels and leaving 1?
You start memorising the spell.
You continue memorising.
You continue memorising.
You are near starving!
You continue memorising.
You finish memorising.
Casting: Beastly Appendage
Confirm with . or Enter, or press ? or * to list all spells.
You miscast Ice Form.
You are very lightly contaminated with residual magic.
You are caught in an explosion of ice and frost!
The explosion engulfs you!
Ouch! That really hurt!
You die...

#.#.# #.#.# #.#.# ###
### #####.#.# ... ..#
#.......## .
#.##<###.###....#
...#...............#
.........###.#.....##
.........@...#.###.#
....#..#...###.###.#
##.#.....#.....#
##.....#.#####.#
##..........###.##
......(...((..)..#
........#.#.######
...........#.#
######..###(######


There were no monsters in sight!

Vanquished Creatures
  3 adders
  2 oozes (D:2)
  3 orcs
  4 giant cockroaches
  5 hobgoblins
  2 jackals (D:2)
  2 quokkas (D:2)
  A ball python (D:2)
  6 bats
  3 giant newts
  6 goblins
  5 kobolds
  8 rats
50 creatures vanquished.

Notes
Turn   | Place    | Note
--------------------------------------------------------------
     0 | D:1      | Inkie, the Lava Orc Transmuter, began the quest for the Orb.
     0 | D:1      | Reached XP level 1. HP: 16/16 MP: 1/1
   314 | D:1      | Reached XP level 2. HP: 20/23 MP: 2/2
   395 | D:1      | Reached skill level 4 in Unarmed Combat
   579 | D:2      | Found a shattered altar of Ashenzari.
   917 | D:2      | Reached XP level 3. HP: 21/28 MP: 2/4
  1355 | D:2      | Reached skill level 5 in Unarmed Combat
  2581 | D:3      | Reached XP level 4. HP: 2/35 MP: 5/5
  2581 | D:3      | HP: 1/35 [poisoned by an adder]
  2587 | D:3      | Learned a level 4 spell: Ice Form
  2587 | D:3      | Killed by miscasting Ice Form

Action                   |  1- 3 |  4- 6 || total
-------------------------+-------+-------++-------
Melee: Unarmed           |   189 |       ||   189
 Cast: Beastly Appendage |     2 |       ||     2
  Use: Potion            |     2 |       ||     2
